 Dungeon Crawl Stone Soup version 0.30-a0-322-g102857c98e (webtiles) character file.

Game seed: 14224126204501242835

23130 porpoise the Carver (level 12, -6/90 HPs)
             Began as a Demonspawn Monk on Oct 28, 2022.
             Was the Champion of Hepliaklqana.
             Mangled by a komodo dragon (23 damage)
             ... on level 4 of the Lair of Beasts.
             The game lasted 01:05:03 (15301 turns).

porpoise the Carver (Demonspawn Monk)              Turns: 15301, Time: 01:05:03

Health: -6/90      AC: 11    Str: 12    XL:     12   Next: 69%
Magic:  0/17       EV: 16    Int: 12    God:    Hepliaklqana [******]
Gold:   792        SH:  0    Dex: 20    Spells: 10/11 levels left

rFire   . . .      SeeInvis +    a - +2 scimitar (vorpal)
rCold   . . .      Faith    .    (no shield)
rNeg    . . .      Spirit   +    n - +0 ring mail
rPois   .          Reflect  .    P - +2 hat {Will+}
rElec   .          Harm     .    x - +1 cloak
rCorr   +          Rampage  .    r - +0 pair of gloves
Will    +....                    (no boots)
Stlth   +++.......               (no amulet)
HPRegen 0.35/turn                g - ring of see invisible
MPRegen 0.30/turn                T - ring of resist corrosion

@: lethally poisoned (-6 -> -26)
A: reduced essence, claws 2, repulsion field 2, foul stench 3, magic shield,
magic regeneration
a: Renounce Religion, Recall Ancestor, Ancestor Identity, Transference, Idealise


You were on level 4 of the Lair of Beasts.
You worshipped Hepliaklqana.
Hepliaklqana was exalted by your worship.
You visited 2 branches of the dungeon, and saw 15 of its levels.
You also visited: Ossuary.

You collected 792 gold pieces.

Inventory:

Hand Weapons
 a - a +2 vorpal scimitar (weapon)
 b - a +4 dagger of freezing
Missiles
 f - 49 poisoned darts (quivered)
 q - 2 throwing nets
 F - 2 curare-tipped darts
Armour
 n - a +0 ring mail (worn)
 r - a +0 pair of gloves (worn)
 x - a +1 cloak (worn)
 P - a +2 hat of willpower (worn)
Jewellery
 g - a ring of see invisible (left hand)
 i - a ring of flight
 u - an amulet of faith
 T - a ring of resist corrosion (right hand)
 U - a ring of protection from fire
Wands
 p - a wand of charming (13)
 t - a wand of polymorph (16)
 y - a wand of roots (6)
 N - a wand of mindburst (2)
 R - a wand of light (2)
Scrolls
 d - a scroll of enchant armour
 j - 2 scrolls of poison
 k - 3 scrolls of teleportation
 m - a scroll of silence {unknown}
 o - a scroll of immolation {unknown}
 s - a scroll of blinking
 v - a scroll of fear
 C - a scroll of noise
 D - 2 scrolls of summoning
 E - a scroll of magic mapping
 M - a scroll of vulnerability {unknown}
 O - a scroll of enchant weapon {unknown}
Potions
 c - 2 potions of flight
 e - a potion of invisibility
 h - 4 potions of attraction
 l - a potion of haste
 w - a potion of might
 z - 2 potions of magic
 G - 2 potions of cancellation
 I - 3 potions of berserk rage
 L - 2 potions of brilliance
 Q - a potion of lignification {unknown}


   Skills:
 + Level 11.0 Fighting
 + Level 13.4 Long Blades
 - Level 5.0 Armour
 - Level 5.0 Dodging
 - Level 7.0 Stealth
 - Level 7.0 Invocations
 - Level 5.0 Evocations


You had 10 spell levels left.
You knew the following spells:

 Your Spells              Type           Power      Damage    Failure   Level
a - Apportation           Tloc           0%         N/A       56%         1

Your spell library contained the following spells:

 Spells                   Type           Power      Damage    Failure   Level
 Necrotise                Necr           0%         1d4       56%         1
 Shock                    Conj/Air       0%         1d3       56%         1
 Summon Small Mammal      Summ           0%         N/A       56%         1
 Ensorcelled Hibernation  Hex/Ice        0%         N/A       71%         2
 Spider Form              Tmut/Pois      0%         N/A       91%         3
 Summon Guardian Golem    Hex/Summ       0%         N/A       91%         3
 Swiftness                Air            0%         N/A       91%         3
 Airstrike                Air            0%         2d(0-16)  100%        4
 Anguish                  Hex/Necr       0%         N/A       100%        4
 Summon Forest            Summ/Tloc      0%         N/A       100%        5
 Summon Mana Viper        Hex/Summ       0%         N/A       100%        5
 Simulacrum               Ice/Necr       0%         N/A       100%        6
 Summon Cactus Giant      Summ           0%         N/A       100%        6


Dungeon Overview and Level Annotations

Branches:
Dungeon (10/15)            Temple (0/1) D:4            Lair (5/5) D:8
  Swamp (0/4) Lair:3       Spider (0/4) Lair:2        Slime (0/5) Lair:4
Ossuary (visited)
    Orc: D:9-12

Altars:
Cheibriados
Fedhas
Hepliaklqana
Kikubaaqudgha
Yredelemnul

Shops:
D:9 *

Annotations:
D:3 3 runed translucent doors, Taurus's ghost, amateur MiFi
D:8 2 transporters
D:9 Skeletal warrior!
D:10 unexplored
Lair:1 3 runed translucent doors, Xozoco's ghost, journeyman MfGl
Lair:4 1 runed translucent door


Innate Abilities, Weirdness & Mutations

Your life essence is reduced to manifest your ancestor. (-10% HP)
You have very sharp fingernails.
You are surrounded by a moderate repulsion field. (EV +3)
You frequently emit foul miasma when damaged in melee.
When hurt, damage is shared between your health and your magic reserves.
You regenerate magic rapidly.


Message History

The blast of flame hits Niki!
Niki resists.
The blast of flame hits you!!
A yak comes into view.
The yak bellows!
You are too injured to fight recklessly!
Unknown command.
You feel very sick. The water moccasin barely misses you.
The komodo dragon misses you.
The lindwurm bites Niki!
The lindwurm claws Niki.
The lindwurm closely misses Niki.
The water moccasin misses you.
You climb upwards.
Level annotation: 1 runed translucent door You feel sick.
There is a stone staircase leading down here.
You can't go up here!
You are too injured to fight recklessly!
Unknown command.
Niki is recalled.
You feel sick. The water moccasin closely misses you.
The water moccasin bites you!
You are more poisoned.
The water moccasin poisons you!
You emit a cloud of foul miasma!
The komodo dragon bites you!!
* * * LOW HITPOINT WARNING * * *
You hit the komodo dragon.
The komodo dragon is severely wounded.
* * * LOW HITPOINT WARNING * * *
You feel very sick.
The water moccasin is engulfed in dark miasma.
The water moccasin seems to slow down.
The water moccasin bites you.
* * * LOW HITPOINT WARNING * * *
You are more poisoned.
The water moccasin poisons you!
You feel much better.
* * * LOW HITPOINT WARNING * * *
You feel very sick.
The water moccasin is no longer moving slowly.
The komodo dragon bites you!!
You die...

#♣~~~♣ ♣~~~~♣♣# ♣~PP~P~# ♣....P♣#
### ####### #♣.....######### ##
##.###..##P###.......##..##.####.
.^......................:........
...............SR.........#..####
.###..P#.......l@.........##.##
.# #..###.....#.#####.....###.###
####..##.......## #####.........#
......###.......###.##...........
.##...##............###....##....
###....##.....#.....###....###P##
# ##.####.....##....##....######.
###..# ##....###.#..###...##P[##.
.###'###.....##P..####...........


You could see the friendly Niki the hexer, a komodo dragon and a water moccasin
(ally target).

Vanquished Creatures
  A hydra (Lair:3)
  A two-headed ogre (D:9)
  Pikel (D:4)
  5 cane toads
  2 black mambas
  A torpor snail (Lair:2)
  Psyche (D:9)
  2 rime drakes
  5 komodo dragons
  10 blink frogs
  3 hornets (Lair:1)
  Sigmund (D:3)
  2 wraiths (Ossuary)
  13 yaks
  4 wyverns
  A basilisk (Lair:1)
  A human (D:9)
  Grum (D:9)
  6 water moccasins
  3 orc warriors
  A sky beast (D:7)
  An ice beast (D:6)
  11 wolves
  3 centaurs
  4 kobold brigands
  5 necrophages (D:5)
  11 bullfrogs
  4 scorpions
  A water moccasin zombie (D:5)
  9 wights
  8 electric eels (D:8)
  4 hounds
  2 orc priests
  A bullfrog zombie (D:5)
  A gnoll bouda (D:7)
  2 jellies
  4 orc wizards
  A scorpion zombie (D:5)
  8 gnolls
  5 adders
  2 shadow imps
  A white imp (D:7)
  An adder zombie (Ossuary)
  2 worms
  2 dart slugs
  12 orcs
  10 ball pythons
  3 bats (D:2)
  5 endoplasms
  5 giant cockroaches
  6 goblins
  4 hobgoblins
  2 jackals (D:1)
  27 kobolds
  4 quokkas
  A ball python skeleton (Ossuary)
  3 frilled lizards
  A hobgoblin skeleton (Ossuary)
  A hobgoblin zombie (Ossuary)
  A kobold zombie (Ossuary)
  2 orc skeletons (Ossuary)
  An orc zombie (Ossuary)
  3 rats
249 creatures vanquished.

Vanquished Creatures (collateral kills)
  Gastronok (D:9)
  A black mamba (Lair:4)
  5 cane toads
  2 komodo dragons
  A hornet (Lair:1)
  4 blink frogs
  2 yaks
  A wyvern (Lair:1)
  3 water moccasins
  2 orc warriors
  An ice beast (D:8)
  2 centaurs (D:6)
  2 kobold brigands
  3 wights
  2 electric eels (D:8)
  A howler monkey (D:8)
  An orc priest (D:6)
  A scorpion zombie (D:5)
  3 orc wizards
  An iguana (D:5)
  3 adders
  2 gnolls (D:4)
  A shadow imp (D:7)
  An adder zombie (Ossuary)
  9 orcs
  3 giant cockroaches (Lair:2)
  7 kobolds
65 creatures vanquished.

Vanquished Creatures (others)
  An electric eel (D:8)
  2 hexers
  An orc (D:8)
  2 kobolds (D:9)
  2 bushes (D:5)
  10 fungi
  13 plants
31 creatures vanquished.

Grand Total: 345 creatures vanquished

Notes
Turn   | Place    | Note
-------+----------+-------------------------------------------
     0 | D:1      | porpoise the Demonspawn Monk began the quest for the Orb.
     0 | D:1      | Reached XP level 1. HP: 18/18 MP: 1/1
   163 | D:1      | Reached skill level 3 in Long Blades
   275 | D:1      | Gained mutation: You may rarely emit foul miasma when
                  | damaged in melee. [demonic ancestry]
   275 | D:1      | Reached XP level 2. HP: 3/24 MP: 2/2
  1012 | D:2      | Gained mutation: You sometimes emit foul miasma when
                  | damaged in melee. [demonic ancestry]
  1012 | D:2      | Reached XP level 3. HP: 24/29 MP: 3/3
  1639 | D:3      | Reached skill level 4 in Long Blades
  1670 | D:3      | Gained mutation: You regenerate magic rapidly. [demonic
                  | ancestry]
  1670 | D:3      | Reached XP level 4. HP: 37/37 MP: 4/4
  1867 | D:3      | Noticed Sigmund
  1887 | D:3      | Killed Sigmund
  1888 | D:3      | Reached skill level 5 in Long Blades
  1888 | D:3      | Reached XP level 5. HP: 22/43 MP: 5/5
  2033 | D:3      | Found a runed translucent gate.
  2039 | D:3      | Gained mutation: When hurt, damage is shared between your
                  | health and your magic reserves. [demonic ancestry]
  2039 | D:3      | Reached XP level 6. HP: 48/49 MP: 6/6
  2053 | D:3      | Found a runed translucent gate.
  2054 | D:3      | Found a runed translucent gate.
  2354 | D:3      | Found a hazy altar of Hepliaklqana.
  2401 | D:3      | Became a worshipper of Hepliaklqana the Forgotten
  2401 | D:3      | Reached * piety under Hepliaklqana
  2401 | D:3      | Reached ** piety under Hepliaklqana
  2402 | D:3      | Remembered your ancestor Niki as a hexer
  2455 | D:3      | Noticed Taurus's ghost (amateur MiFi)
  2994 | D:4      | Noticed Pikel
  3019 | D:4      | Killed Pikel
  3020 | D:4      | Reached skill level 5 in Fighting
  3020 | D:4      | Reached skill level 6 in Long Blades
  3020 | D:4      | Gained mutation: You have sharp fingernails. [demonic
                  | ancestry]
  3020 | D:4      | Reached XP level 7. HP: 6/51 MP: 1/7
  3278 | D:4      | Found a staircase to the Ecumenical Temple.
  3289 | D:4      | Reached skill level 7 in Long Blades
  3520 | D:5      | Entered Level 5 of the Dungeon
  3537 | D:5      | Reached *** piety under Hepliaklqana
  3826 | D:5      | Reached XP level 8. HP: 51/57 MP: 8/8
  4055 | D:5      | Found a snail-covered altar of Cheibriados.
  4149 | D:5      | Found a blossoming altar of Fedhas.
  4220 | D:5      | Reached skill level 8 in Long Blades
  4585 | D:6      | Reached skill level 9 in Long Blades
  4585 | D:6      | Reached skill level 1 in Armour
  4585 | D:6      | Reached skill level 1 in Invocations
  4646 | D:6      | Found a sand-covered staircase.
  4658 | Ossuary  | Entered an ossuary
  4776 | Ossuary  | Noticed a flying skull
  5204 | Ossuary  | Noticed a flying skull
  5217 | Ossuary  | Gained mutation: You are surrounded by a mild repulsion
                  | field. (EV +2) [demonic ancestry]
  5217 | Ossuary  | Reached XP level 9. HP: 55/62 MP: 8/11
  5595 | D:6      | Reached **** piety under Hepliaklqana
  6178 | D:7      | Reached skill level 5 in Invocations
  6314 | D:7      | Learned a level 1 spell: Apportation
  6864 | D:8      | Found a basalt altar of Yredelemnul.
  6866 | D:8      | Noticed a flayed ghost
  6873 | D:8      | Found an ancient bone altar of Kikubaaqudgha.
  6903 | D:8      | Reached skill level 10 in Long Blades
  6958 | D:8      | Found a transporter.
  6960 | D:8      | Found a transporter.
  7094 | D:8      | Gained mutation: You have very sharp fingernails. [demonic
                  | ancestry]
  7094 | D:8      | Reached XP level 10. HP: 70/71 MP: 15/15
  7173 | D:8      | Found a staircase to the Lair.
  7721 | D:8      | Reached skill level 5 in Armour
  7883 | D:8      | Reached skill level 1 in Evocations
  8255 | D:9      | Noticed Erolcha
  8257 | D:9      | Erolcha changed into Erolcha the human
  8257 | D:9      | Noticed Erolcha
  8265 | D:9      | Killed Erolcha the human
  8648 | D:9      | Noticed Gastronok
  8662 | D:9      | Killed Gastronok
  8663 | D:9      | Reached skill level 11 in Long Blades
  8703 | D:9      | Reached skill level 5 in Dodging
  8713 | D:9      | Reached ***** piety under Hepliaklqana
  8751 | D:9      | Found Tuomeo's General Store.
  8762 | D:10     | Entered Level 10 of the Dungeon
  8763 | D:10     | Noticed a skeletal warrior
  8764 | D:10     | Noticed a skeletal warrior
  8764 | D:10     | Noticed a skeletal warrior
  8795 | D:9      | Noticed a two-headed ogre
  8807 | D:9      | Killed a two-headed ogre
  8808 | D:9      | Gained mutation: You frequently emit foul miasma when
                  | damaged in melee. [demonic ancestry]
  8808 | D:9      | Reached XP level 11. HP: 18/75 MP: 10/16
  9016 | D:9      | Noticed Psyche
  9016 | D:9      | Noticed Grum
  9037 | D:9      | Killed Grum
  9058 | D:9      | Reached skill level 5 in Evocations
  9073 | D:9      | Killed Psyche
  9479 | Lair:1   | Entered Level 1 of the Lair of Beasts
  9846 | Lair:1   | Paralysed by a hornet for 3 turns
  9951 | Lair:1   | Found a runed translucent gate.
  9952 | Lair:1   | Found a runed translucent gate.
  9955 | Lair:1   | Found a runed translucent gate.
 10278 | Lair:1   | Reached skill level 12 in Long Blades
 10490 | Lair:1   | Noticed Xozoco's ghost (journeyman MfGl)
 11098 | Lair:2   | Reached skill level 5 in Stealth
 11807 | Lair:2   | Found a hole to the Spider Nest.
 11816 | Lair:2   | Gained mutation: You are surrounded by a moderate repulsion
                  | field. (EV +3) [demonic ancestry]
 11816 | Lair:2   | Reached XP level 12. HP: 83/85 MP: 15/17
 13233 | Lair:3   | Found a staircase to the Swamp.
 13327 | Lair:3   | Reached skill level 10 in Fighting
 13531 | Lair:3   | Noticed an eight-headed hydra
 13536 | Lair:3   | Killed an eight-headed hydra
 13990 | Lair:4   | Reached skill level 13 in Long Blades
 13993 | Lair:4   | Got Esaetuatt's Folio of Maledictive Sinister Rituals
 14367 | Lair:4   | Reached ****** piety under Hepliaklqana
 14531 | Lair:4   | Found a runed translucent door.
 14536 | Lair:4   | Found a staircase to the Slime Pits.
 14537 | Lair:4   | Noticed an acid blob
 15292 | Lair:5   | Entered Level 5 of the Lair of Beasts
 15301 | Lair:4   | Mangled by a komodo dragon

Illustrated notes

Levels and vault maps discovered:
D:1:      elethiomel_arrival_shortcut, layout_loops_ring, hex_large
D:2:      layout_rooms
D:3:      layout_loops_ring, mainiacjoe_overflow_alcove_1, gammafunk_ghost_icy,
          hex_tiny, hangedman_decor_riveting, serial_park_tiny_2, uniq_sigmund
D:4:      layout_loops_ring, minmay_temple_entry_fiery, uniq_pikel
D:5:      layout_rooms, marbit_many_paths, fedhas_altar_decomposition,
          hangedman_glass_teeth, minmay_misc_feat_secret_circle
D:6:      layout_basic, nicolae_ossuary_entry_monument
D:7:      layout_rooms
D:8:      layout_loops_ring, gammafunk_temple_of_torment, lair_entry_dummy,
          serial_bayou_pond_e, kennysheep_boxes
D:9:      minmay_the_grid_triangle_9x9_rhombus_thin
          [minmay_the_grid_triangle_9x9_tough_junction,
          minmay_the_grid_triangle_9x9_prize_center,
          minmay_the_grid_triangle_9x9_from_above,
          minmay_the_grid_triangle_9x9_corrupted_corridor], layout_basic,
          serial_shops, nicolae_take_the_stairs, uniq_grum, uniq_psyche,
          uniq_gastronok, uniq_erolcha
D:10:     layout_layer_cave, lemuel_crystal_altar, orc_david_3, uniq_joseph,
          uniq_josephine, uniq_fannar, uniq_maurice
Lair:1:   layout_cellular_growth, gammafunk_ghost_necromancy,
          dreamdust_wasp_nest, lemuel_fruit_tree
Lair:2:   layout_cave_pods, nicolae_spider_entry_non_spiders, grunt_megastairs_5
Lair:3:   layout_small_grid, swamp_mist, columned_hall_lemuel
Lair:4:   layout_regular_city, slime_entry_2, serial_bayou_shore_b
Lair:5:   evilmike_catoblepas_cave, layout_regular_city, grunt_megastairs_2

Skill      XL: |  1  2  3  4  5  6  7  8  9 10 11 12 |
---------------+-------------------------------------+-----
Long Blades    | 3 4 5 6 7 9 10 11 12 13 | 13.4
Fighting       | 4 5 6 7 9 11 | 11.0
Armour         | 1 4 5 |  5.0
Invocations    | 2 6 7 |  7.0
Dodging        | 5 |  5.0
Evocations     | 4 5 |  5.0
Stealth        | 5 7 |  7.0

Action                   |  1- 3 |  4- 6 |  7- 9 | 10-12 || total
-------------------------+-------+-------+-------+-------++-------
Melee: Falchion          |   125 |    72 |   269 |       ||   466
       Punch             |     1 |       |     3 |     9 ||    13
       Unarmed           |       |     1 |       |       ||     1
       Scimitar          |       |       |    66 |   430 ||   496
Throw: Dart              |     6 |     5 |     8 |    28 ||    47
       Javelin           |       |       |       |     7 ||     7
       Boomerang         |       |       |       |     1 ||     1
Invok: Ancestor Life: He |       |     1 |       |       ||     1
       Ancestor Identity |       |     1 |       |       ||     1
       Recall Ancestor   |       |       |       |     1 ||     1
Evoke: Wand              |       |       |     6 |    19 ||    25
  Use: Potion            |       |     1 |     2 |     8 ||    11
       Scroll            |       |       |    14 |    11 ||    25
 Stab: Sleeping          |     1 |       |     1 |     2 ||     4
       Confused          |       |     2 |     5 |    27 ||    34
       Distracted        |       |     1 |     1 |     5 ||     7
Armor: Leather armour    |     9 |       |       |       ||     9
       Robe              |     1 |       |       |       ||     1
       Ring mail         |    17 |    12 |    82 |    80 ||   191
Dodge: Dodged            |    79 |    31 |   169 |   251 ||   530

Table legend: (Time is in decaauts)
 A = Elapsed time spent in this place.
 B = Non-inter-level travel time spent in this place.
 C = Inter-level travel time spent in this place.
 D = Time resting spent in this place.
 E = Time spent auto-exploring this place.
 F = Levels seen in this place.
 G = Mean time per level.
                   A        B        C        D        E       F      G
               +--------+--------+--------+--------+--------+-----+--------+
         Total |  15263 |  14931 |    332 |   4707 |   7020 |  16 |  953.9 |
       Dungeon |   8778 |   8540 |    238 |   2595 |   3865 |  10 |  877.8 |
          Lair |   5771 |   5677 |     94 |   1696 |   3154 |   5 | 1154.2 |
       Ossuary |    713 |    713 |      0 |    416 |      0 |   1 |  713.0 |
               +--------+--------+--------+--------+--------+-----+--------+

Top non-repeatable levels by time:
  Lair:1: 1831 daAuts
     D:8: 1699 daAuts
  Lair:4: 1463 daAuts
  Lair:2: 1418 daAuts
     D:6: 1109 daAuts
     D:3: 1103 daAuts
  Lair:3: 1053 daAuts
     D:9: 946 daAuts
     D:4: 916 daAuts
     D:5: 892 daAuts
     D:1: 802 daAuts
     D:2: 716 daAuts
 Ossuary: 713 daAuts
     D:7: 578 daAuts
    D:10: 15 daAuts
